 Dungeon Crawl Stone Soup version 0.27-a0-1245-g940ed4fa31 (webtiles) character file.

Game seed: 2687196790754951724

1415 mordus the Arsonist (level 8, -6/57 HPs)
             Began as a Pale Draconian Fire Elementalist on June 9, 2021.
             Mangled by a wyvern (8 damage)
             ... on level 6 of the Dungeon.
             The game lasted 00:20:48 (7020 turns).

mordus the Arsonist (DrFE)                          Turns: 7020, Time: 00:20:48

Health: -6/57      AC:  6    Str: 10    XL:     8   Next: 43%
Magic:  8/11       EV: 12    Int: 17    God:
Gold:   216        SH:  0    Dex: 21    Spells: 1/11 levels left

rFire    . . .     SeeInvis .   w - +6 rapier of the Warrior-Mage {vorpal, rN+ Dex+2}
rCold    . . .     Faith    .   (no shield)
rNeg     + . .     Spirit   .   (armour unavailable)
rPois    .         Reflect  .   (helmet restricted)
rElec    .         Harm     .   (no cloak)
rCorr    .         Rampage  .   (no gloves)
Will     .....                  (no boots)
Stlth    ++........             (no amulet)
HPRegen  0.19/turn              h - ring of wizardry
MPRegen  0.12/turn              y - +6 ring of dexterity

@: no status effects
A: breathe steam, AC +6, unfitting armour, cold-blooded, steam resistance
a: Breathe Steam


You were on level 6 of the Dungeon.
You visited 1 branch of the dungeon, and saw 6 of its levels.

You collected 216 gold pieces.

Inventory:

Hand Weapons
 e - a +4 dagger
 l - a +2 dagger of venom
 w - the +6 rapier of the Warrior-Mage (weapon) {vorpal, rN+ Dex+2}
   (You found it on level 5 of the Dungeon)

   It inflicts extra damage upon your enemies.
   It affects your dexterity (+2).
   It protects you from negative energy.
Missiles
 c - 2 atropa-tipped darts
Magical Staves
 x - a staff of earth
Jewellery
 a - a ring of ice
 h - a ring of wizardry (left hand)
 y - a +6 ring of dexterity (right hand)
Wands
 o - a wand of iceblast (3)
Scrolls
 f - 4 scrolls of identify {unknown}
 j - 2 scrolls of teleportation {unknown}
 k - a scroll of fear {unknown}
 n - a scroll of amnesia {unknown}
 p - a scroll of torment {unknown}
 r - a scroll of silence {unknown}
 s - a scroll of magic mapping {unknown}
 t - a scroll of vulnerability {unknown}
Potions
 b - a potion of attraction {unknown}
 d - a potion of lignification
 g - a potion of brilliance {unknown}
 i - 2 potions of heal wounds {unknown}
 m - a potion of invisibility {unknown}
 q - 3 potions of haste {unknown}
 u - a potion of might {unknown}
 v - a potion of magic {unknown}
 z - a potion of flight {unknown}


   Skills:
 - Level 1.7 Dodging
 - Level 1.7 Stealth
 - Level 2.0 Spellcasting
 + Level 6.0 Conjurations
 * Level 9.9 Fire Magic


You had one spell level left.
You knew the following spells:

 Your Spells              Type           Power      Damage    Failure   Level
a - Foxfire               Conj/Fire      100%       2x1d9     1%          1
b - Sticky Flame          Conj/Fire      28%        2d5       3%          4
c - Fireball              Conj/Fire      14%        3d8       9%          5

Your spell library contained the following spells:

 Spells                   Type           Power      Damage    Failure   Level
 Animate Skeleton         Necr           2%         N/A       8%          1
 Pain                     Necr           4%         1d4       8%          1
 Conjure Flame            Conj/Fire      28%        6-21      1%          3
 Inner Flame              Hex/Fire       18%        N/A       3%          3
 Vampiric Draining        Necr           0%         2d6       22%         3
 Animate Dead             Necr           0%         N/A       56%         4
 Agony                    Necr           1%         N/A       88%         5


Dungeon Overview and Level Annotations

Branches:
Dungeon (6/15)
 Temple: D:4-7

Altars:
Hepliaklqana
Nemelex Xobeh


Innate Abilities, Weirdness & Mutations

You can breathe blasts of scalding, opaque steam.
Your pale cyan-grey scales are hard. (AC +6)
You cannot fit into any form of body armour.
You are cold-blooded and may be slowed by cold attacks.
You are immune to the effects of steam.


Message History

Confirm with . or Enter, or press ? or * to list all spells.
You conjure some foxfire!
The wyvern hisses angrily.
The foxfire hits the wyvern.
The wyvern is lightly wounded.
The foxfire hits the wyvern.
The wyvern is lightly wounded.
Casting: Foxfire (safe; 1% risk of failure)
Confirm with . or Enter, or press ? or * to list all spells.
You conjure some foxfire!
The foxfire hits the wyvern but does no damage.
The wyvern is lightly wounded.
The foxfire hits the wyvern!
The wyvern is heavily wounded.
The wyvern closely misses you. The wyvern bites you!
You barely miss the wyvern.
The wyvern is heavily wounded.
The wyvern bites you!
Casting: Foxfire (safe; 1% risk of failure)
Confirm with . or Enter, or press ? or * to list all spells.
You conjure some foxfire!
The wyvern bites you!
The wyvern bites you but does no damage.
You hit the wyvern.
The wyvern is heavily wounded.
The foxfire hits the wyvern but does no damage.
The wyvern is heavily wounded.
The foxfire hits the wyvern.
The wyvern is severely wounded.
The wyvern bites you. x2
* * * LOW HITPOINT WARNING * * *
Casting: Foxfire (safe; 1% risk of failure)
Confirm with . or Enter, or press ? or * to list all spells.
You conjure some foxfire!
The wyvern bites you!
* * * LOW HITPOINT WARNING * * *
The foxfire hits the wyvern.
The wyvern is almost dead.
The foxfire hits the wyvern but does no damage.
The wyvern is almost dead.
The wyvern bites you!
You die...

#........ #......#
#........ #......#
#.......######......#
#.......##...#......#
#..../..##...#......#
#.......##...#......#
#........#...'......###
#.....l.######.........
#.....@ยง#........).....
#.......'.......)......
#.......#.....####.....
#.......#.....# #.....
#########.....####.....
#..###.#.####.. #..#
##.#.# #.. #..# #.#.##
#)# #..####.#.###..


You could see a wyvern.

Vanquished Creatures
  Sigmund (D:4)
  Eustachio (D:4)
  A water moccasin (D:4)
  A necrophage (D:4)
  4 ogres
  2 scorpions
  A water moccasin zombie (D:5)
  A howler monkey (D:5)
  A hound (D:5)
  2 iguanas
  An orc wizard (D:4)
  Terence (D:3)
  6 adders
  7 gnolls
  2 adder skeletons (D:4)
  A worm (D:4)
  A dart slug (D:4)
  9 orcs
  4 endoplasms
  2 giant cockroaches
  A hobgoblin (D:1)
  7 jackals
  7 kobolds
  3 quokkas
  10 ball pythons
  4 bats
  2 frilled lizards (D:2)
  8 goblins
  6 rats
97 creatures vanquished.

Vanquished Creatures (others)
  232 foxfires
232 creatures vanquished.

Grand Total: 329 creatures vanquished

Notes
Turn   | Place    | Note
-------+----------+-------------------------------------------
     0 | D:1      | mordus the Draconian Fire Elementalist began the quest for
                  | the Orb.
     0 | D:1      | Reached XP level 1. HP: 14/14 MP: 3/3
   346 | D:1      | Found a faded altar of an unknown god.
   580 | D:1      | Reached XP level 2. HP: 10/20 MP: 1/5
  1522 | D:2      | Found a hazy altar of Hepliaklqana.
  1832 | D:2      | Reached skill level 4 in Fire Magic
  1832 | D:2      | Reached XP level 3. HP: 26/26 MP: 3/6
  2830 | D:3      | Reached XP level 4. HP: 31/33 MP: 5/7
  3270 | D:3      | Noticed Terence
  3355 | D:3      | Killed Terence
  3691 | D:3      | Noticed a scorpion
  3709 | D:3      | Killed a scorpion
  3710 | D:3      | Reached skill level 5 in Fire Magic
  3710 | D:3      | Reached XP level 5. HP: 10/38 MP: 2/8
  4330 | D:4      | Noticed an ogre
  4342 | D:4      | Killed an ogre
  4473 | D:4      | Reached XP level 6. HP: 43/45 MP: 7/9
  4503 | D:4      | Reached skill level 6 in Fire Magic
  4853 | D:4      | Noticed Sigmund
  4872 | D:4      | Killed Sigmund
  4873 | D:4      | Your scales start taking on a pale cyan-grey colour.
  4873 | D:4      | Reached skill level 7 in Fire Magic
  4873 | D:4      | Reached XP level 7. HP: 34/50 MP: 4/10
  4873 | D:4      | Gained mutation: You are immune to the effects of steam.
                  | [Pale Draconian growth]
  4994 | D:4      | Learned a level 4 spell: Sticky Flame
  5000 | D:4      | Learned a level 5 spell: Fireball
  5075 | D:4      | Noticed Eustachio
  5083 | D:4      | Killed Eustachio
  5084 | D:4      | Reached skill level 8 in Fire Magic
  5319 | D:4      | Reached skill level 5 in Conjurations
  5871 | D:5      | Entered Level 5 of the Dungeon
  5877 | D:5      | Reached skill level 9 in Fire Magic
  5877 | D:5      | Reached XP level 8. HP: 57/57 MP: 8/11
  6020 | D:5      | Identified the +6 rapier of the Warrior-Mage {vorpal, rN+
                  | Dex+2}
  6747 | D:5      | Found a sparkling altar of Nemelex Xobeh.
  7019 | D:6      | HP: 1/57 [wyvern (16)]
  7020 | D:6      | Mangled by a wyvern

Illustrated notes

Levels and vault maps discovered:
D:1:      dpeg_arrival_round_a, layout_loops_corners,
          hellmonk_ecumenical_altar_prayer_group
D:2:      layout_basic, basic_altar, columned_hall_lemuel
D:3:      layout_basic, uniq_terence
D:4:      cheibrodos_barr_body, layout_cave_pods, grunt_ministairs_11,
          uniq_eustachio, uniq_sigmund
D:5:      layout_loops_corners, nemelex_dance_club_becter
D:6:      layout_gridville, minivault_10, minivault_24

Skill      XL: |  1  2  3  4  5  6  7  8 |
---------------+-------------------------+-----
Fire Magic     | 4 5 7 9 |  9.9
Conjurations   | 2 3 4 5 6 |  6.0
Dodging        | |  1.7
Stealth        | |  1.7
Spellcasting   | |  2.0

Action                   |  1- 3 |  4- 6 |  7- 9 || total
-------------------------+-------+-------+-------++-------
Melee: Unarmed           |     9 |       |       ||     9
       Dagger            |     8 |    27 |    31 ||    66
       Tailslap          |     1 |     2 |     5 ||     8
       Rapier            |       |       |    19 ||    19
 Cast: Foxfire           |    47 |    59 |    34 ||   140
       Sticky Flame      |       |       |     7 ||     7
       Fireball          |       |       |     1 ||     1
  Use: Potion            |       |     1 |       ||     1
 Stab: Sleeping          |       |     1 |     1 ||     2
Armor: Skin              |    11 |    16 |    17 ||    44
Dodge: Dodged            |    16 |    34 |    33 ||    83

Table legend: (Time is in decaauts)
 A = Elapsed time spent in this place.
 B = Non-inter-level travel time spent in this place.
 C = Inter-level travel time spent in this place.
 D = Time resting spent in this place.
 E = Time spent auto-exploring this place.
 F = Levels seen in this place.
 G = Mean time per level.
                   A        B        C        D        E       F      G
               +--------+--------+--------+--------+--------+-----+--------+
         Total |   7020 |   6853 |    167 |    607 |   5304 |   6 | 1170.0 |
       Dungeon |   7020 |   6853 |    167 |    607 |   5304 |   6 | 1170.0 |
               +--------+--------+--------+--------+--------+-----+--------+

Top non-repeatable levels by time:
     D:4: 1668 daAuts
     D:1: 1450 daAuts
     D:3: 1420 daAuts
     D:2: 1329 daAuts
     D:5: 1017 daAuts
     D:6: 134 daAuts
